 Dungeon Crawl Stone Soup version 0.25.1-2-g60ff931df9 (console) character file.

Game seed: 10092594925993263096

1673 Colgate the Thaumaturge (level 8, 51/55 HPs)
             Began as a Mummy Necromancer on Aug 25, 2020.
             Was an Initiate of Kikubaaqudgha.
             Quit the game on level 7 of the Dungeon.
             The game lasted 01:23:38 (10840 turns).

Colgate the Thaumaturge (Mummy Necromancer)        Turns: 10840, Time: 01:23:38

Health: 51/55      AC:  7    Str: 11    XL:     8   Next: 70%
Magic:  6/13       EV: 12    Int: 29    God:    Kikubaaqudgha [......]
Gold:   462        SH:  5    Dex: 13    Spells: 7/27 levels left

rFire    . . .     SeeInvis +   G - +0 dagger
rCold    + . .     Gourm    .   (no shield)
rNeg     + + +     Faith    .   n - +2 robe {rF+}
rPois    ∞         Spirit   .   F - +1 helmet of Cheibriados's Anger {rElec MP-9 Int+7 SInv}
rElec    +         Reflect  +   v - +0 cloak
rCorr    .         Harm     .   (no gloves)
MR       +....                  (no boots)
Stlth    ++........             e - amulet of reflection
HPRegen  0.18/turn              q - ring of see invisible
MPRegen  0.13/turn              A - +6 ring of intelligence

@: confusing touch
A: no food or potions, fire vulnerability, cold resistance 1, negative energy
resistance 3, torment resistance, unbreathing
a: Renounce Religion


You were on level 7 of the Dungeon.
You worshipped Kikubaaqudgha.
Kikubaaqudgha was noncommittal.
You were not hungry.

You visited 2 branches of the dungeon, and saw 8 of its levels.

You collected 462 gold pieces.

Inventory:

Hand Weapons
 a - a +2 vorpal war axe
 b - a +0 hunting sling
 m - a +0 shortbow
 r - a +0 halberd
 G - a +0 dagger (weapon)
Missiles
 g - 179 arrows
 j - 98 stones
 l - 13 poisoned darts
 s - 4 boomerangs
 t - 5 atropa-tipped darts (quivered)
 x - 41 bolts
 z - 12 sling bullets
Armour
 d - a +0 ring mail
 k - a cursed +0 chain mail
 n - a +2 robe of fire resistance (worn)
 v - a +0 cloak (worn)
 C - a +0 scale mail
 F - the +1 helmet of Cheibriados's Anger (worn) {rElec MP-9 Int+7 SInv}
   (You found it on level 6 of the Dungeon)

   It affects your intelligence (+7).
   It insulates you from electricity.
   It affects your magic capacity (-9).
   It lets you see invisible.
Magical Staves
 B - an uncursed staff of air
Jewellery
 e - an amulet of reflection (around neck)
 q - a ring of see invisible (left hand)
 A - a +6 ring of intelligence (right hand)
Wands
 o - a wand of random effects (19)
 y - a wand of paralysis (8)
 D - a wand of iceblast (10)
 E - a wand of acid (4)
Scrolls
 c - 3 scrolls of enchant armour {unknown}
 f - a scroll of magic mapping {unknown}
 h - a scroll of noise {unknown}
 i - 3 scrolls of teleportation {unknown}
 p - 4 scrolls of identify {unknown}
 u - 2 scrolls of remove curse {unknown}
 w - a scroll of fog {unknown}


   Skills:
 + Level 1.7 Fighting
 - Level 1.4 Axes
 - Level 1.5 Dodging
 - Level 1.5 Stealth
 - Level 10.1 Spellcasting
 - Level 8.0 Necromancy


You had 7 spell levels left.
You knew the following spells:

 Your Spells              Type           Power        Failure   Level  Hunger
a - Pain                  Necr           ####         1%          1    N/A
b - Animate Skeleton      Necr           N/A          1%          1    N/A
c - Vampiric Draining     Necr           ######....   1%          3    N/A
d - Animate Dead          Necr           N/A          1%          4    N/A
e - Agony                 Necr           ######..     3%          5    N/A
f - Confusing Touch       Hex            ##......     11%         3    N/A
g - Gell's Gravitas       Tloc           ##........   11%         3    N/A

Your spell library contained the following spells:

 Spells                   Type           Power        Failure   Level  Hunger
 Corpse Rot               Necr/Air       N/A          1%          2    N/A
 Petrify                  Tmut/Erth      ##......     36%         4    N/A
 Metabolic Englaciation   Hex/Ice        ##........   71%         5    N/A
 Yara's Violent Unravell  Hex/Tmut       ##........   71%         5    N/A

Dungeon Overview and Level Annotations

Branches:
Dungeon (7/15)             Temple (1/1) D:5

Altars:
Ashenzari
Cheibriados
Dithmenos
Elyvilon
Gozag
Hepliaklqana
Kikubaaqudgha
Makhleb
Nemelex Xobeh
Okawaru
Qazlal
Sif Muna
Uskayaw
Vehumet
Wu Jian
Xom
Yredelemnul
Zin
The Shining One


Innate Abilities, Weirdness & Mutations

You do not eat or drink.
Your flesh is vulnerable to fire.
You are immune to poison.
Your flesh is cold resistant. (rC+)
You are immune to negative energy. (rN+++)
You are immune to unholy pain and torment.
You can survive without breathing.


Message History

Confirm with . or Enter, or press ? or * to list all spells.
Okay, then.
a - a +2 vorpal war axe (weapon)
Okay, then.
G - a +0 dagger (weapon)
The crimson imp hits you.
You miss the crimson imp.
The crimson imp is lightly wounded.
The crimson imp hits you but does no damage.
You hit the crimson imp but do no damage.
Your hands stop glowing.
The crimson imp hits you.
Casting: Confusing Touch (dangerous; 11% risk of failure)
Confirm with . or Enter, or press ? or * to list all spells.
Your hands begin to glow red.
You block the crimson imp's attack.
You can't drink.
You closely miss the crimson imp. The crimson imp hits you.
You can't eat.
The crimson imp barely misses you.
Are you sure you want to abandon this character and quit the game? (Confirm with "yes".)

#### ##..# ######
##...# #%...#
####..#.##
#<...###....##.5###
#
#.)..#...######.@Z#
..# #......###
###.###....#
#....### #........#
#....# ##....#.##
####.# ..##.# #.#
#### .. #.. .?#
##.. .. .. #


You could see a crimson imp and a friendly centaur zombie.

Vanquished Creatures
  Sigmund (D:2)
  2 phantoms
  2 sky beasts
  An ogre (D:4)
  4 centaurs
  A scorpion (D:5)
  A crimson imp (D:5)
  A bullfrog skeleton (D:4)
  An orc priest (D:5)
  5 orc wizards
  A centaur skeleton (D:6)
  Natasha (thrice) (D:2)
  2 worker ants
  A hound zombie (D:5)
  3 gnolls
  12 adders
  An adder skeleton (D:5)
  A worm (D:3)
  3 dart slugs
  5 leopard geckos
  23 orcs
  6 bats
  4 giant cockroaches
  7 goblins
  10 hobgoblins
  6 jackals (D:1)
  5 frilled lizards
  A jackal zombie (D:5)
  8 kobolds
  7 rats
128 creatures vanquished.

Vanquished Creatures (collateral kills)
  A water moccasin skeleton (D:4)
  A gnoll (D:3)
  An ooze (D:1)
  An orc (D:2)
  A giant cockroach (D:5)
  A hobgoblin (D:1)
  A leopard gecko zombie (D:6)
7 creatures vanquished.

Grand Total: 135 creatures vanquished

Notes
Turn   | Place    | Note
-------+----------+-------------------------------------------
     0 | D:1      | Colgate the Mummy Necromancer began the quest for the Orb.
     0 | D:1      | Reached XP level 1. HP: 13/13 MP: 4/4
     5 | D:1      | Learned a level 1 spell: Animate Skeleton
   583 | D:1      | Reached XP level 2. HP: 19/19 MP: 1/5
  1159 | D:1      | Reached skill level 5 in Necromancy
  1159 | D:1      | Reached XP level 3. HP: 24/24 MP: 5/7
  1164 | D:1      | Learned a level 3 spell: Vampiric Draining
  1998 | D:2      | Noticed Sigmund
  2188 | D:2      | Killed Sigmund
  2188 | D:2      | Reached XP level 4. HP: 19/30 MP: 1/8
  2188 | D:2      | Reached XP level 5. HP: 22/35 MP: 1/9
  2314 | D:1      | Learned a level 4 spell: Animate Dead
  3389 | D:2      | Noticed Natasha
  3392 | D:2      | Killed Natasha
  3392 | D:2      | Reached XP level 6. HP: 38/41 MP: 5/10
  3654 | D:2      | Noticed Natasha
  3659 | D:2      | Killed Natasha
  4854 | D:2      | Noticed Natasha
  4913 | D:2      | Killed Natasha
  6028 | D:3      | Found an opulent altar of Gozag.
  6463 | D:3      | Reached skill level 3 in Spellcasting
  6705 | D:4      | Reached skill level 4 in Spellcasting
  6705 | D:4      | Reached XP level 7. HP: 34/46 MP: 1/13
  6712 | D:4      | Learned a level 5 spell: Agony
  7062 | D:4      | Reached skill level 5 in Spellcasting
  7191 | D:4      | Found an iron altar of Okawaru.
  7282 | D:4      | Found an ornate altar of the Wu Jian Council.
  7286 | D:4      | Found a white marble altar of Elyvilon.
  7298 | D:4      | Found a snail-covered altar of Cheibriados.
  7363 | D:4      | Reached skill level 6 in Spellcasting
  7662 | D:5      | Entered Level 5 of the Dungeon
  7668 | D:5      | Reached skill level 7 in Spellcasting
  8368 | D:5      | Found a staircase to the Ecumenical Temple.
  8393 | Temple   | Entered the Ecumenical Temple
  8547 | Temple   | Became a worshipper of Kikubaaqudgha
  8845 | D:5      | Reached skill level 8 in Spellcasting
  8845 | D:5      | Reached XP level 8. HP: 13/52 MP: 0/20
  9259 | D:6      | Reached skill level 9 in Spellcasting
  9740 | D:6      | Found a snail-covered altar of Cheibriados.
  9774 | D:6      | Learned a level 3 spell: Confusing Touch
  9778 | D:6      | Learned a level 3 spell: Gell's Gravitas
  9988 | D:6      | Reached skill level 10 in Spellcasting
  9994 | D:6      | Got a shimmering helmet
  9999 | D:6      | Identified the +1 helmet of Cheibriados's Anger {rElec MP-9
                  | Int+7 SInv} (You found it on level 6 of the Dungeon)
 10259 | D:6      | Found a glowing silver altar of Zin.
 10379 | D:6      | Reached skill level 1 in Axes
 10647 | D:7      | Reached * piety under Kikubaaqudgha
 10647 | D:7      | Identified Kikubaaqudgha's Catalogue of Evil (Kikubaaqudgha
                  | gifted it to you on level 7 of the Dungeon)
 10647 | D:7      | Received a gift from Kikubaaqudgha
 10647 | D:7      | Reached skill level 1 in Fighting
 10840 | D:7      | Quit the game

Illustrated notes

Levels and vault maps discovered:
D:1:      lemuel_arrival_room, layout_basic, st_stairs_6,
          wander_ebering_terrifying_dragon_lair
D:2:      layout_basic, first_ration, uniq_natasha, uniq_sigmund
D:3:      layout_basic, grunt_gozag_statues
D:4:      layout_gridville, okawaru_ov_weapons_minmay,
          minmay_overflow_temple_star_quad
D:5:      layout_rooms, minmay_temple_entry_drinking_statues, dk_noncrumbling_3,
          due_unseen_surprise
D:6:      layout_loops_ring, lemuel_crystal_altar, basic_altar
D:7:      layout_rooms, basic_altar, uniq_menkaure
Temple:   dpeg_chambers_temple

Skill      XL: |  1  2  3  4  5  6  7  8 |
---------------+-------------------------+-----
Necromancy     | 5 6 7 8 |  8.0
Spellcasting   | 4 8 10 | 10.1
Axes           | 1 |  1.4
Fighting       | 1 |  1.7
Dodging        | |  1.5
Stealth        | |  1.5

Action                   |  1- 3 |  4- 6 |  7- 9 || total
-------------------------+-------+-------+-------++-------
Melee: Hand axe          |     8 |       |       ||     8
       Short sword       |     9 |       |       ||     9
       Scythe            |       |     5 |       ||     5
       War axe           |       |     6 |    80 ||    86
       Halberd           |       |       |     3 ||     3
       Dagger            |       |       |    40 ||    40
 Fire: Hunting sling     |       |       |    25 ||    25
       Shortbow          |       |       |     3 ||     3
Throw: Dart              |       |     5 |     1 ||     6
       Boomerang         |       |       |     2 ||     2
 Cast: Pain              |    80 |    75 |    67 ||   222
       Animate Skeleton  |    19 |       |       ||    19
       Animate Dead      |       |    21 |     9 ||    30
       Vampiric Draining |       |    11 |    23 ||    34
       Agony             |       |       |     4 ||     4
       Confusing Touch   |       |       |     9 ||     9
Evoke: Wand              |       |       |     6 ||     6
 Stab: Sleeping          |       |     8 |     1 ||     9
       Confused          |       |       |     3 ||     3
Armor: Ring mail         |     9 |       |       ||     9
       Robe              |       |     4 |    40 ||    44
Dodge: Dodged            |    26 |    23 |    80 ||   129
Block: Other             |       |     2 |    27 ||    29
       Reflection        |       |       |     2 ||     2
